 Dungeon Crawl Stone Soup version 0.30-a0-40-gc6d0f036a7 (webtiles) character file.

Game seed: 11680150893290977565

50 ytrimaz the Insei (level 3, -1/23 HPs)
             Began as an Octopode Transmuter on Aug 29, 2022.
             Slain by a gnoll
             ... wielding a +0 whip
              (8 damage)
             ... on level 2 of the Dungeon.
             The game lasted 00:02:39 (1576 turns).

ytrimaz the Insei (Octopode Transmuter)             Turns: 1576, Time: 00:02:40

Health: -1/23      AC:  1    Str:  9    XL:     3   Next: 79%
Magic:  5/6        EV: 13    Int: 17    God:
Gold:   74         SH:  0    Dex: 12    Spells: 0/6 levels left

rFire   . . .      SeeInvis .      - Unarmed
rCold   . . .      Faith    .    (no shield)
rNeg    . . .      Spirit   .    (helmet currently unavailable)
rPois   .          Reflect  .    (no amulet)
rElec   .          Harm     .    (no ring)
rCorr   .          Rampage  .    (no ring)
Will    .....                    (no ring)
Stlth   +++.......               (no ring)
HPRegen 0.07/turn                (no ring)
MPRegen 0.10/turn                (no ring)
                                 (no ring)
                                 (no ring)

@: appendages
A: tentacle spike 3, almost no armour, amphibious, 8 rings, camouflage 1,
gelatinous body 1, nimble swimmer 1, tentacles
a: End Transformation


You were on level 2 of the Dungeon.
One of your tentacles had grown a beastly spike.
You visited 1 branch of the dungeon, and saw 2 of its levels.

You collected 74 gold pieces.

Inventory:

Scrolls
 a - a scroll of magic mapping {unknown}
 b - a scroll of teleportation {unknown}


   Skills:
 - Level 1.0 Fighting
 - Level 2.0 Dodging
 - Level 4.1 Unarmed Combat
 + Level 2.1 Spellcasting
 + Level 2.2 Transmutations
 * Level 1.4 Poison Magic


You couldn't memorise any spells.
You knew the following spells:

 Your Spells              Type           Power      Damage    Failure   Level
a - Beastly Appendage     Tmut           18%        N/A       8%          1
b - Wereblood             Tmut           9%         N/A       12%         2
c - Spider Form           Tmut/Pois      8%         N/A       26%         3

Your spell library contained the following spells:

 Spells                   Type           Power      Damage    Failure   Level
 Olgreb's Toxic Radiance  Pois           6%         N/A       71%         4
 Ice Form                 Ice/Tmut       5%         N/A       77%         4
 Ozocubu's Refrigeration  Ice            0%         4d7       100%        7
 Ignition                 Fire           0%         3d3       100%        8


Dungeon Overview and Level Annotations

Branches:
Dungeon (2/15)

Altars:


Innate Abilities, Weirdness & Mutations

One of your tentacles has grown a beastly spike.
You cannot wear most types of armour.
You are amphibious.
You can wear up to eight rings at the same time.
Your skin changes colour to match your surroundings (Stealth+).
Your rubbery body absorbs attacks. (AC +1, EV +1)
You are camouflaged when in or above water. (Stealth+)
You have tentacles for arms and can constrict up to eight enemies at once.


Message History

You tentacle-slap the gnoll. You grab the gnoll.
The gnoll is moderately wounded.
You constrict the gnoll. The gnoll hits you with a +0 whip.
* * * LOW HITPOINT WARNING * * *
The gnoll barely misses you.
You tentacle-slap the gnoll. You squeeze the gnoll.
You kill the gnoll!
The gnoll misses you.
Your Poison Magic skill increases to level 1!
Unknown command.
You aren't carrying any potions.
Unknown command.
You see here a quokka corpse.
Your magical contamination has completely faded away.
A gnoll is nearby!
One of your tentacles grows a vicious spike.
The gnoll hits you from afar with a +0 spear.
Unknown command.
Press: ? - help, v - describe, . - travel
Here: a gnoll, wielding a +0 spear The floor.
Your transformation is almost over.
Your tentacle spike disappears.
One of your tentacles grows a vicious spike.
The gnoll hits you from afar with a +0 spear.
The gnoll completely misses you. The gnoll closely misses you.
You tentacle-slap the gnoll. You grab the gnoll. You squeeze the gnoll.
The gnoll is moderately wounded.
You constrict the gnoll. The gnoll completely misses you.
The gnoll hits you with a +0 whip.
You tentacle-slap the gnoll. You squeeze the gnoll!
You kill the gnoll!
The gnoll hits you with a +0 whip!
* * * LOW HITPOINT WARNING * * *
The gnoll barely misses you.
Things that are here:
a +0 spear; a gnoll corpse Unknown command.
The gnoll hits you with a +0 whip!
You die...

#### ..#
#.### #.#≈##
#)@≈≈#
#g≈≈## #~≈##
#########~≈#
#....g†..~.#
#.######.~.#
#)# #.~~#
#.# #~≈.#
#g# #≈#)#


You could see a gnoll.

Vanquished Creatures
  2 gnolls (D:2)
  A dart slug (D:1)
  3 endoplasms (D:1)
  A goblin (D:1)
  7 hobgoblins (D:1)
  A quokka (D:2)
  2 ball pythons (D:1)
  3 bats (D:1)
  2 frilled lizards (D:1)
  8 rats (D:1)
30 creatures vanquished.

Notes
Turn   | Place    | Note
-------+----------+-------------------------------------------
     0 | D:1      | ytrimaz the Octopode Transmuter began the quest for the
                  | Orb.
     0 | D:1      | Reached XP level 1. HP: 13/13 MP: 3/3
   385 | D:1      | Reached XP level 2. HP: 18/18 MP: 3/5
   575 | D:1      | Found a faded altar of an unknown god.
   831 | D:1      | Reached skill level 4 in Unarmed Combat
   909 | D:1      | Reached XP level 3. HP: 23/23 MP: 6/6
   944 | D:1      | Learned a level 2 spell: Wereblood
   948 | D:1      | Learned a level 3 spell: Spider Form
  1162 | D:2      | HP: 1/23 [gnoll/+0 whip (6)]
  1164 | D:2      | Reached skill level 1 in Poison Magic
  1576 | D:2      | Slain by a gnoll

Illustrated notes

Levels and vault maps discovered:
D:1:      dpeg_arrival_three_bigger_balls, layout_rooms,
          shapermc_ecumenical_altar_mp_urbaneastern, minmay_misc_feat_ornament,
          grunt_decor_cap, minmay_rat_gold_closets
D:2:      layout_basic, serial_rivers, chequers_serial_rivers_micro_d,
          chequers_serial_rivers_small_3, chequers_serial_rivers_small_a,
          chequers_serial_rivers_large_a, chequers_serial_rivers_micro_c

Skill      XL: |  1  2  3 |
---------------+----------+-----
Unarmed Combat | 4 |  4.1
Poison Magic   | 1 |  1.4
Fighting       | |  1.0
Dodging        | |  2.0
Spellcasting   | |  2.1
Transmutations | |  2.2

Action                   || total
-------------------------++-------
Melee: Unarmed           ||    57
       Constrict         ||    12
       Tentacles         ||    10
       Kick              ||     4
 Cast: Beastly Appendage ||    15
  Use: Potion            ||     1
 Stab: Sleeping          ||     5
Armor: Skin              ||    14
Dodge: Dodged            ||    40

Table legend: (Time is in decaauts)
 A = Elapsed time spent in this place.
 B = Non-inter-level travel time spent in this place.
 C = Inter-level travel time spent in this place.
 D = Time resting spent in this place.
 E = Time spent auto-exploring this place.
 F = Levels seen in this place.
 G = Mean time per level.
                   A        B        C        D        E       F      G
               +--------+--------+--------+--------+--------+-----+--------+
         Total |   1571 |   1559 |     12 |      0 |    961 |   2 |  785.5 |
       Dungeon |   1571 |   1559 |     12 |      0 |    961 |   2 |  785.5 |
               +--------+--------+--------+--------+--------+-----+--------+

Top non-repeatable levels by time:
     D:1: 1107 daAuts
     D:2: 464 daAuts
